 Dungeon Crawl Stone Soup version 0.22.1-2-g9c5b331 (webtiles) character file.

3476 Fang the Cleaver (level 10, -1/94 HPs)
             Began as a Gargoyle Berserker on Dec 6, 2018.
             Was an Elder of Trog.
             Slain by a two-headed ogre
             ... wielding a +0 dire flail
              (11 damage)
             ... on level 8 of the Dungeon.
             The game lasted 00:12:38 (7192 turns).

Fang the Cleaver (Gargoyle Berserker)               Turns: 7192, Time: 00:12:39

Health: -1/94      AC: 20    Str: 33    XL:     10   Next: 6%
Magic:  10/10      EV: 12    Int:  8    God:    Trog [****..]
Gold:   266        SH:  0    Dex:  9    Spells: 9/9 levels left

rFire    . . .     SeeInvis .   C - +6 executioner's axe (elec)
rCold    + . .     Gourm    .   (shield currently unavailable)
rNeg     + . .     Faith    .   F - +0 ring mail of the Cuttlefish {rC+ MR+ Str+4 Stlth-}
rPois    ∞         Spirit   .   (no helmet)
rElec    +         Reflect  .   y - +2 cloak
rCorr    .         Harm     .   u - +2 pair of gloves
MR       +....                  (no boots)
Stlth    ..........             (no amulet)
HPRegen  0.25/turn              (no ring)
MPRegen  0.12/turn              (no ring)

@: berserking, very quick
A: negative energy resistance 1, electricity resistance, unbreathing,
petrification resistance, rot immunity, AC +7
a: Berserk, Trog's Hand, Brothers in Arms, Renounce Religion


You were on level 8 of the Dungeon.
You worshipped Trog.
Trog was greatly pleased with you.
You were near starving.

You visited 1 branch of the dungeon, and saw 8 of its levels.

You collected 346 gold pieces.
You spent 80 gold pieces at shops.

Inventory:

Hand Weapons
 x - a +0 war axe
 C - a +6 executioner's axe of electrocution (weapon)
Armour
 e - a +1 chain mail
 u - a +2 pair of gloves (worn)
 y - a +2 cloak (worn)
 F - the +0 ring mail of the Cuttlefish (worn) {rC+ MR+ Str+4 Stlth-}
   (You found it on level 7 of the Dungeon)

   It affects your strength (+4).
   It protects you from cold.
   It affects your resistance to hostile enchantments.
   It makes you less stealthy.
Wands
 w - a wand of acid (9)
Scrolls
 i - 2 scrolls of teleportation
 q - 3 scrolls of fog
 r - a scroll of enchant armour
 s - 2 scrolls of remove curse
Potions
 b - a potion of haste
 d - 5 potions of flight
 g - a potion of agility
 j - 2 potions of curing
 k - a potion of degeneration
 o - a potion of berserk rage
 p - a potion of invisibility
 t - a potion of resistance {unknown}
 v - 2 potions of mutation {unknown}
 z - 2 potions of might {unknown}
 A - a potion of cancellation {unknown}
Comestibles
 a - 2 chunks of flesh
 c - 17 rations


   Skills:
 + Level 7.1 Fighting
 + Level 9.9 Axes
 + Level 6.8 Armour
 + Level 3.7 Dodging
 + Level 1.6 Stealth


You had 9 spell levels left.
You didn't know any spells.
Your spell library was empty.

Dungeon Overview and Level Annotations

Branches:
Dungeon (8/15)             Temple (0/1) D:6            Lair (0/6) D:8

Altars:
Ashenzari
Elyvilon
Hepliaklqana
Makhleb
Nemelex Xobeh
Ru
Uskayaw
Wu Jian
Xom
Yredelemnul
The Shining One

Shops:
D:4 ?   D:5 }   D:6 (   D:7 (


Innate Abilities, Weirdness & Mutations

You are resistant to torment.
Your stone body is resilient. (AC +7)
You are immune to poison.
You resist negative energy. (rN+)
You are resistant to electric shocks. (rElec)
You can survive without breathing.
You are immune to petrification.
You are immune to rotting.


Message History

You see here a tomahawk.
You see here 2 tomahawks.
The two-headed ogre hits you with a dire flail!
* * * LOW HITPOINT WARNING * * *
The two-headed ogre hits you with a giant club!
* * * LOW HITPOINT WARNING * * *
Items here: )) [[ †† You recover from your berserk rage.
You see here a short sword.
Okay, then.
A red film seems to cover your vision as you go berserk!
You feel yourself moving faster!
You feel mighty!
You are near starving!
You feel a strong urge to attack something.
Unknown command.
You slash the two-headed ogre!
The two-headed ogre is moderately wounded.
The two-headed ogre hits you but does no damage.
The two-headed ogre hits you with a giant club!
You die...

#. ....#.W..#
#.#.#######.#
##.#. ..#....#
..###...###.#..###
......#..())#(÷#
#...###..()# ##.##
#.##.# # #.#
#.##O#######.#####
#.#####<#
#.##@.....).......
#.......#
#........###.#####
#.#######
######.....# #
#.###.# ...# ...
#.#.# #.# #.#..
... # ### ..# .#


You could see a two-headed ogre.

Vanquished Creatures
  A two-headed ogre (D:8)
  A troll (D:8)
  A hippogriff (D:7)
  Eustachio (D:5)
  A water moccasin (D:6)
  A black bear (D:6)
  An ice beast (D:6)
  An ogre (D:6)
  2 wolves (D:8)
  A centaur (D:5)
  Blork the orc (D:4)
  A big kobold (D:7)
  A wyvern zombie (D:7)
  6 bullfrogs
  A water moccasin zombie (D:3)
  A scorpion (D:4)
  An electric eel (D:8)
  5 hounds
  2 jellies
  6 orc priests
  Crazy Yiuf (D:5)
  5 orc wizards
  A bullfrog skeleton (D:6)
  An iguana (D:5)
  5 worker ants
  A killer bee zombie (D:8)
  Robin (D:3)
  9 adders
  2 oozes
  2 adder skeletons (D:4)
  A worm (D:2)
  3 dart slugs
  9 leopard geckos
  21 orcs
  15 goblins
  5 hobgoblins
  4 jackals (D:1)
  8 kobolds
  2 quokkas (D:2)
  5 ball pythons
  7 bats
  5 frilled lizards
  A leopard gecko zombie (D:7)
  3 rats (D:2)
153 creatures vanquished.

Notes
Turn   | Place    | Note
-------+----------+-------------------------------------------
     0 | D:1      | Fang the Gargoyle Berserker began the quest for the Orb.
     0 | D:1      | Reached XP level 1. HP: 14/14 MP: 1/1
   121 | D:1      | Reached XP level 2. HP: 16/19 MP: 2/2
   126 | D:1      | Reached skill level 3 in Axes
   248 | D:1      | You fall through a shaft!
   375 | D:2      | Reached XP level 3. HP: 20/24 MP: 3/3
   687 | D:2      | Found a hide-covered altar of Uskayaw.
   689 | D:2      | Reached ** piety under Trog
   724 | D:2      | Found a faded altar of an unknown god.
  1000 | D:1      | Reached XP level 4. HP: 23/29 MP: 4/4
  1374 | D:3      | Found a white marble altar of Elyvilon.
  1384 | D:3      | Found a shimmering altar of Xom.
  1409 | D:3      | Found an ornate altar of the Wu Jian Council.
  1526 | D:3      | Noticed Robin
  1543 | D:3      | Killed Robin
  1612 | D:3      | Reached skill level 4 in Axes
  1612 | D:3      | Reached XP level 5. HP: 33/33 MP: 5/5
  1683 | D:3      | Found a hazy altar of Hepliaklqana.
  2264 | D:4      | Reached XP level 6. HP: 12/38 MP: 6/6
  2597 | D:4      | Reached *** piety under Trog
  2657 | D:4      | Found Pisibo Ykai's Magic Scroll Shoppe.
  2687 | D:4      | Reached skill level 5 in Axes
  2699 | D:4      | Noticed Blork the orc
  3386 | D:5      | Entered Level 5 of the Dungeon
  3386 | D:5      | Found a sparkling altar of Nemelex Xobeh.
  3772 | D:5      | Found a basalt altar of Yredelemnul.
  3784 | D:5      | Reached XP level 7. HP: 18/44 MP: 7/7
  3976 | D:5      | Found a runed door.
  4016 | D:5      | Found a glowing golden altar of the Shining One.
  4029 | D:5      | Noticed Eustachio
  4061 | D:5      | Killed Eustachio
  4101 | D:5      | Reached skill level 5 in Fighting
  4103 | D:5      | Reached skill level 6 in Axes
  4229 | D:5      | Found Visuzot's Gadget Boutique.
  4625 | D:5      | Found a burning altar of Makhleb.
  4788 | D:5      | Noticed Crazy Yiuf
  4796 | D:5      | Killed Crazy Yiuf
  5189 | D:4      | Killed Blork the orc
  5189 | D:4      | Reached XP level 8. HP: 49/49 MP: 8/8
  5308 | D:6      | Found a sacrificial altar of Ru.
  5474 | D:6      | Reached skill level 5 in Armour
  5598 | D:6      | Found a staircase to the Ecumenical Temple.
  5726 | D:6      | Found Vituutih's Weapon Shoppe.
  5736 | D:6      | Reached skill level 7 in Axes
  6241 | D:7      | Found a shattered altar of Ashenzari.
  6327 | D:7      | Got a shimmering ring mail
  6338 | D:7      | Identified the cursed +0 ring mail of the Cuttlefish {rC+
                  | MR+ Str+4 Stlth-} (You found it on level 7 of the Dungeon)
  6466 | D:7      | Identified a scroll of acquirement
  6547 | D:7      | Noticed a hippogriff
  6553 | D:7      | Killed a hippogriff
  6553 | D:7      | Reached XP level 9. HP: 55/55 MP: 9/9
  6716 | D:7      | Reached **** piety under Trog
  6787 | D:7      | Reached skill level 8 in Axes
  6930 | D:7      | Found Louplawk's Antique Weapon Shop.
  6945 | D:7      | Bought a war axe for 80 gold pieces
  7075 | D:8      | Noticed a two-headed ogre
  7084 | D:8      | Killed a two-headed ogre
  7084 | D:8      | Reached skill level 9 in Axes
  7084 | D:8      | Reached skill level 1 in Stealth
  7148 | D:8      | Found a staircase to the Lair.
  7154 | D:8      | Noticed a troll
  7161 | D:8      | Noticed a two-headed ogre
  7165 | D:8      | Reached XP level 10. HP: 52/63 MP: 10/10
  7192 | D:8      | Slain by a two-headed ogre

Skill      XL: |  1  2  3  4  5  6  7  8  9 |
---------------+----------------------------+-----
Axes           | 3 4 5 6 7 9 |  9.9
Fighting       | 4 5 6 7 |  7.1
Dodging        | 2 3 |  3.7
Armour         | 3 4 6 |  6.8
Stealth        | 1 |  1.6

Action                   |  1- 3 |  4- 6 |  7- 9 | 10-12 || total
-------------------------+-------+-------+-------+-------++-------
Melee: Hand axe          |   146 |   266 |   243 |       ||   655
       Trident           |       |       |    10 |       ||    10
       Executioner's axe |       |       |    63 |     2 ||    65
Invok: Berserk           |       |     2 |     6 |     1 ||     9
       Brothers in Arms  |       |       |       |     1 ||     1
  Use: Scroll            |       |       |    21 |       ||    21
       Potion            |       |       |       |     1 ||     1
 Stab: Distracted        |       |       |     1 |       ||     1
  Eat: Chunk             |       |    11 |    16 |     1 ||    28
Armor: Chain mail        |   101 |   182 |   205 |       ||   488
       Ring mail         |       |       |    54 |    23 ||    77
Dodge: Dodged            |    72 |   131 |   215 |    12 ||   430
